AoeStats
← BlueThunder581

Arabia

510006861Analyzed
2v2 RM · 3d ago on Sep 29, 2026· 55m 19s· 4 players
Game mode
Random Map
Map size
Medium (4 player)
Population
200
Speed
Normal
Resources
Standard
Victory
Conquest
Starting age
Dark Age
Ending age
Imperial Age
RankedLock teamsTeams togetherTeam positionsShared explorationLock speedFull tech treeHidden civsTurbo modeCheats
Victory
Defeat
🇺🇸 Poles · United States
743
+13
🇨🇴 Bulgarians · Colombia
669
+17
🇦🇷 Mongols · Argentina
682
-15
🇦🇷 Huns · Argentina
679
-15
Lautaro20086640
10:10 Feudal Age
13:46 Bloodlines
14:21 Scale Barding Armor
23:26 Castle Age
22:32 Man-at-Arms
23:18 Scale Mail Armor
24:49 Long Swordsman
27:18 Double-Bit Axe
28:54 Gold Mining
32:28 Bow Saw
37:39 Imperial Age
35:55 Wheelbarrow
35:07 Town Watch
37:48 Capped Ram
38:17 Pikeman
41:01 Siege Ram
43:23 Drill
46:37 Horse Collar
47:15 Hand Cart
47:02 Town Patrol
46:50 Loom
47:14 Squires
47:00 Arson
49:13 Conscription
49:50 Chain Mail Armor
49:46 Forging
50:55 Heavy Scorpion
52:37 Plate Mail Armor
52:42 Iron Casting
santiagopiscu
10:52 Feudal Age
14:57 Bloodlines
17:06 Forging
19:47 Double-Bit Axe
21:18 Horse Collar
28:11 Castle Age
27:16 Fletching
29:32 Wheelbarrow
30:06 Bow Saw
30:36 Husbandry
37:54 Iron Casting
37:15 Bodkin Arrow
38:41 Ballistics
41:52 Hand Cart
46:33 Imperial Age
BlueThunder581
4:20 Loom
11:47 Feudal Age
12:12 Horse Collar
12:18 Double-Bit Axe
17:19 Town Watch
25:42 Castle Age
25:05 Forging
25:45 Fletching
26:59 Squires
29:14 Pikeman
33:09 Scale Mail Armor
34:05 Scale Barding Armor
35:13 Chain Barding Armor
37:04 Wheelbarrow
37:47 Husbandry
38:02 Fervor
39:20 Padded Archer Armor
39:51 Bloodlines
42:29 Iron Casting
42:18 Heavy Plow
42:55 Bodkin Arrow
43:22 Gold Mining
47:37 Thumb Ring
47:19 Treadmill Crane
48:03 Bow Saw
48:30 Leather Archer Armor
48:39 Caravan
50:02 Murder Holes
49:53 Light Cavalry
52:23 Masonry
54:28 Guard Tower
BlackBerry
1:28 Loom
13:22 Feudal Age
14:29 Town Watch
14:33 Double-Bit Axe
14:31 Horse Collar
16:12 Arson
24:48 Wheelbarrow
25:38 Forging
28:01 Castle Age
29:34 Squires
29:23 Gambesons
29:01 Pikeman
30:44 Heavy Plow
30:56 Bow Saw
31:53 Caravan
32:47 Scale Mail Armor
36:06 Town Patrol
37:05 Ballistics
36:57 Masonry
36:43 Murder Holes
37:10 Hand Cart
37:28 Stone Mining
37:32 Gold Mining
37:51 Stirrups
43:14 Iron Casting
42:46 Scale Barding Armor
48:56 Imperial Age
49:16 Capped Ram
49:52 Elite Konnik
50:58 Siege Ram
52:43 Conscription
Connection lost

Rejoining the realm…

Still unreachable

The connection could not be restored.

Session expired

The server has moved on; the page needs a fresh start.